Map: 파라 사이트 - 래더

Players

GuMiho

  • Race: Terran Terran
  • League: Grandmaster
  • Spawn Location: 5:00

Dear - Winner!

  • Race: Protoss Protoss
  • Spawn Location: 11:00

Event: IEM Season 13 - Katowice Server Qualifiers Asia 2

VOD

Have the link to the VOD?

Description

Time

  • Played on: Jan. 22, 2019, 7:11 a.m.
  • Length: 6:59

All games in this series

Show
View Real Time Build Order
Export as new Build Order

GuMiho Terran 

Build Orders: Gas First Reaper Expand 

Get SALT Encoding   

  12  0:00  SCV  
  13  0:12  SCV  
  14  0:16  Supply Depot  
  14  0:24  SCV  
  15  0:28  Refinery  
  15  0:38  SCV  
  16  0:44  Barracks  
  16  0:50  SCV  
  17  1:02  SCV  
  18  1:14  SCV  
  19  1:30  Reaper  
  19  1:31  Orbital Command  
  20  1:45  Command Center  
  20  1:52  Factory  
  20  1:56  SCV  
  21  2:04  Refinery  
  21  2:06  Barracks Reactor  
  21  2:08  SCV  
  21  2:13  Supply Depot  
  22  2:21  SCV  
  23  2:35  SCV  
  23  2:36  Bunker  
  24  2:39  Bunker  
  24  2:40  Widow Mine  
  24  2:42  Marine  
  24  2:43  Marine  
  27  2:47  SCV  
  27  2:59  SCV  
  27  3:00  Marine x2  
  27  3:03  Factory Tech Lab  
  28  3:11  SCV  
  26  3:26  Marine  
  23  3:27  SCV  
  23  3:30  Supply Depot  
  23  3:32  Starport  
  22  3:36  Supply Depot  
  22  3:39  SCV  
  23  3:47  Supply Depot  
  23  3:55  Barracks  
  23  3:56  Stimpack  
  23  3:58  SCV  
  23  4:00  Marauder  
  26  4:03  Factory Reactor  
  26  4:08  Barracks  
  26  4:10  SCV  
  26  4:13  Medivac  
  29  4:22  SCV, Supply Depot  
  30  4:24  Marine  
  31  4:34  SCV  
  32  4:43  Marine x2  
  34  4:46  Supply Depot  
  34  4:48  Factory Tech Lab  
  34  4:49  Marine  
  33  4:54  SCV  
  33  5:01  Marine x2  
  33  5:05  Marine x2  
  37  5:08  Siege Tank  
  37  5:09  Marine  
  37  5:12  Medivac  
  43  5:20  Marine x2  
  45  5:23  Marine  
  45  5:26  Supply Depot  
  46  5:29  Marine  
  46  5:32  Marine  
  48  5:38  Marine x2  
  48  5:41  Siege Tank  
  53  5:44  Marine  
  53  5:49  Marine  
  55  5:50  Marine  
  55  5:54  Medivac  
  58  6:03  Marine x3  
  61  6:13  Marine  
  60  6:30  Marine  
Show
View Real Time Build Order
Export as new Build Order

Dear Protoss - Winner!

Build Orders: Oracle Opening 

Get SALT Encoding   

  12  0:00  Probe  
  13  0:12  Probe  
  14  0:17  Pylon  
  14  0:24  Probe  
  15  0:32  Probe  
  15  0:37  Gateway  
  15  0:40  Probe  
  17  0:50  Probe  
  17  0:51  Pylon  
  17  0:56  Assimilator  
  18  1:03  Probe  
  19  1:09  Gateway  
  19  1:15  Probe  
  20  1:24  Cybernetics Core  
  20  1:29  Zealot  
  22  1:35  Assimilator  
  22  1:36  Probe  
  23  1:48  Probe  
  23  1:51  Stalker  
  23  1:53  Stalker  
  24  2:00  Probe  
  27  2:05  Pylon  
  29  2:13  Warp Gate  
  29  2:22  Stalker  
  31  2:32  Stalker  
  33  2:51  Nexus  
  33  3:01  Stargate  
  33  3:03  Probe  
  34  3:15  Probe  
  33  3:27  Probe  
  34  3:34  Gateway  
  34  3:37  Gateway  
  34  3:39  Oracle, Probe  
  35  3:51  Probe  
  35  3:54  Pylon  
  39  4:03  Probe x2  
  39  4:08  Phoenix  
  41  4:15  Probe  
  41  4:16  Probe  
  45  4:20  Sentry  
  45  4:21  Adept  
  49  4:27  Probe  
  49  4:28  Probe  
  49  4:29  Pylon  
  51  4:33  Phoenix  
  53  4:40  Probe x2  
  55  4:52  Probe x2  
  57  4:58  Phoenix  
  59  5:02  Assimilator  
  59  5:04  Probe x2  
  59  5:05  Assimilator  
  61  5:09  Adept x2  
  61  5:10  Adept x2  
  69  5:15  Pylon  
  69  5:18  Pylon  
  69  5:26  Probe  
  70  5:32  Phoenix  
  70  5:33  Probe  
  70  5:35  Forge  
  73  5:40  Probe, Twilight Council  
  74  5:51  Adept x4  
  74  5:52  Phoenix  
  74  5:56  Pylon  
  84  6:04  Pylon  
  84  6:17  Phoenix  
  84  6:20  Adept x3  
  84  6:22  Adept  
  83  6:45  Adept x4  

Tags
 
Add a new tag
Caveats
  • Supply blocks, unpowered buildings, or Contaminate may cause inaccurate times.
  • Supply counts are checked every 10 seconds.